 Dungeon Crawl Stone Soup version 0.24.0-1-gfbc8707 (webtiles) character file.

Game seed: 10608095580618288833, levelgen mode: deterministic

317 Buxparty the Magician (level 6, 0/41 HPs)
             Began as a Mummy Necromancer on Jan 11, 2020.
             Slain by a bullfrog skeleton (4 damage)
             ... on level 4 of the Dungeon.
             The game lasted 00:17:56 (4185 turns).

Buxparty the Magician (Mummy Necromancer)           Turns: 4185, Time: 00:17:57

Health: 0/41       AC:  2    Str: 11    XL:     6   Next: 20%
Magic:  13/15      EV: 12    Int: 17    God:
Gold:   224        SH:  0    Dex: 17    Spells: 13/17 levels left

rFire    x . .     SeeInvis .   (no weapon)
rCold    + . .     Gourm    .   (no shield)
rNeg     + + +     Faith    .   a - +0 robe
rPois    ∞         Spirit   .   (no helmet)
rElec    .         Reflect  .   (no cloak)
rCorr    .         Harm     .   (no gloves)
MR       +....                  (no boots)
Stlth    ++........             (no amulet)
HPRegen  0.13/turn              f - ring of protection from magic
MPRegen  0.14/turn              j - +5 ring of dexterity

@: no status effects
A: no food or potions, fire vulnerability, cold resistance 1, negative energy
resistance 3, torment resistance, unbreathing
a: no special abilities


You were on level 4 of the Dungeon.
You were not hungry.

You visited 1 branch of the dungeon, and saw 4 of its levels.

You collected 224 gold pieces.

Inventory:

Armour
 a - a +0 robe (worn)
 g - a cursed -2 scale mail
Jewellery
 f - a ring of protection from magic (left hand)
 j - a +5 ring of dexterity (right hand)
Scrolls
 b - a scroll of remove curse
 c - 2 scrolls of amnesia {unknown}
 d - 2 scrolls of immolation {unknown}
 e - 2 scrolls of enchant weapon {unknown}
 h - 2 scrolls of identify {unknown}
 i - a scroll of fog {unknown}
 k - a scroll of magic mapping {unknown}


   Skills:
 - Level 1.5 Dodging
 + Level 3.2 Stealth
 * Level 6.0 Spellcasting
 + Level 5.0 Necromancy


You had 13 spell levels left.
You knew the following spells:

 Your Spells              Type           Power        Failure   Level  Hunger
a - Pain                  Necr           ###.         1%          1    N/A
b - Vampiric Draining     Necr           ###.......   4%          3    N/A

Your spell library contained the following spells:

 Spells                   Type           Power        Failure   Level  Hunger
 Animate Skeleton         Necr           N/A          1%          1    N/A
 Animate Dead             Necr           N/A          16%         4    N/A
 Regeneration             Chrm/Necr      Unusable     N/A         3    N/A

Dungeon Overview and Level Annotations

Branches:
Dungeon (4/15)
 Temple: D:4-7

Altars:
Qazlal
Wu Jian


Innate Abilities, Weirdness & Mutations

You do not eat or drink.
Your flesh is vulnerable to fire.
You are immune to poison.
Your flesh is cold resistant. (rC+)
You are immune to negative energy. (rN+++)
You are immune to unholy pain and torment.
You can survive without breathing.


Message History

Unknown command.
Casting: Pain (safe; 1% risk of failure)
Confirm with . or Enter, or press ? or * to list all spells.
Aiming: Pain (safe; 1% risk of failure)
Press: ? - help, Shift-Dir - straight line, f - jackal, p - bullfrog skeleton
Aim: a jackal (moderately wounded, chance to defeat MR: 91%)
The jackal writhes in agony.
The bullfrog skeleton closely misses you.
The jackal barely misses you.
Casting: Pain (safe; 1% risk of failure)
Confirm with . or Enter, or press ? or * to list all spells.
Aiming: Pain (safe; 1% risk of failure)
Press: ? - help, Shift-Dir - straight line, f/p - jackal
Aim: a jackal (severely wounded, chance to defeat MR: 91%)
The jackal writhes in agony.
The bullfrog skeleton hits you.
* * * LOW HITPOINT WARNING * * *
The jackal bites you.
* * * LOW HITPOINT WARNING * * *
The bullfrog skeleton hits you.
You die...

.♣ ♣###.#.....## #.#
#♣###♣..........## #.#
..'_'...#.#.#....# #.#
#♣###♣#.#.#.#....####.#
#.#.#.##........# ##
####.#.#.####.###### .#
#.....#..# #.# .#
#.##.#.### #h# .#
#.##...# #@# .#
#.###..# #Z# .# #.#
#..# #.# .# #.# #..#
#.# .# #.# #..# #.#
.###.# #..# #.# .....#
# #.#
########..######.#
(.......>...#


You could see a jackal and a bullfrog skeleton.

Vanquished Creatures
  A scorpion (D:4)
  2 worker ants (D:4)
  6 gnolls
  7 adders
  An ooze (D:1)
  2 worms
  2 dart slugs (D:3)
  A leopard gecko (D:2)
  2 orcs
  A ball python (D:3)
  14 bats
  5 giant cockroaches
  6 goblins
  7 hobgoblins
  18 jackals
  2 quokkas (D:2)
  A frilled lizard (D:1)
  3 kobolds
  7 rats
88 creatures vanquished.

Notes
Turn   | Place    | Note
-------+----------+-------------------------------------------
     0 | D:1      | Buxparty the Mummy Necromancer began the quest for the Orb.
     0 | D:1      | Reached XP level 1. HP: 13/13 MP: 4/4
    85 | D:1      | Reached skill level 3 in Spellcasting
   449 | D:1      | Reached XP level 2. HP: 19/19 MP: 4/6
  1380 | D:2      | Reached XP level 3. HP: 20/24 MP: 0/8
  1600 | D:2      | Reached skill level 4 in Spellcasting
  1629 | D:2      | Found a faded altar of an unknown god.
  1714 | D:2      | Reached XP level 4. HP: 30/30 MP: 5/10
  1854 | D:2      | Found a stormy altar of Qazlal.
  2017 | D:2      | Learned a level 3 spell: Vampiric Draining
  2698 | D:3      | Reached skill level 5 in Spellcasting
  2698 | D:3      | Reached XP level 5. HP: 35/35 MP: 4/12
  3663 | D:4      | Reached skill level 5 in Necromancy
  3663 | D:4      | Reached XP level 6. HP: 41/41 MP: 2/14
  3699 | D:4      | Reached skill level 6 in Spellcasting
  3811 | D:4      | Found an ornate altar of the Wu Jian Council.
  4185 | D:4      | Slain by a bullfrog skeleton

Levels and vault maps discovered:
D:1:      giann_bridges, layout_basic
D:2:      layout_loops_ring, nicolae_qazlal_eye_of_the_storm, first_ration,
          chequers_ecumenical_altar_twisty, nicolae_underground_beach
D:3:      layout_loops_cross
D:4:      layout_loops_ring, vehumet_statue, kennysheep_mini_moat,
          gammafunk_temple_overflow_pools

Skill      XL: |  1  2  3  4  5  6 |
---------------+-------------------+-----
Spellcasting   | 3 4 5 6 |  6.0
Stealth        | 2 3 |  3.2
Necromancy     | 5 |  5.0
Dodging        | |  1.5

Action                   |  1- 3 |  4- 6 || total
-------------------------+-------+-------++-------
Melee: Unarmed           |    29 |    18 ||    47
Throw: Javelin           |       |     4 ||     4
 Cast: Pain              |    66 |   132 ||   198
       Vampiric Draining |       |     1 ||     1
  Use: Scroll            |       |     1 ||     1
Armor: Robe              |    11 |    21 ||    32
Dodge: Dodged            |    50 |    84 ||   134
